Unix NetHack Version 5.0.0-0 post-release - last build Jun 10 2026 00:39:30 (3ee93aec679c4c4259841fe613dc97188e26a321,branch:main).

Game began 2026-06-14 01:11:36, ended 2026-06-14 01:40:14.

Felix1, neutral male human Barbarian

                                      ----------------
               #################      ...............|
   -------     #-------------  ##    #|..............|                 -------
   |.....-######|...........-#########...............|           ######......|
   |.....|     #|...........|       ##---------|------                 |.{...|
   |......######|...........|   #####[#################%###############.....||
   |.....|     #-...........|   #   ##        #                        --|----
   |.....|######--|-+--------   #   #         #                          #
   |......#       ###           #   #        -.--------------            #
   -------          ##          #            |....(.........|            #
                    *#####*#    #            |..............-#           #
                     *f    ##*# #            |..............|######      #
                      @       # #            |..............|     ##     #
                   ---|-------.-#            ----------------      ##  ###
                   |.....>.....|#                                   #  #
                   |...........|#                                   #--.--
                   |...........|#                                   #...<|
                   |............#                                    |.(.|
                   -------------                                     -----

Felix1 the Pillager        St:15 Dx:15 Co:18 In:7 Wi:9 Ch:9  Neutral
Dlvl:2  $:78 HP:0(50) Pw:10(10) AC:7  Xp:4 T:2504 

Latest messages:
 You drop a cursed pair of iron shoes.
 You see here an empty unlocked large box.
 You descend the stairs.
 You see here an empty unlocked large box.
 Something is engraved here on the headstone.
 You read: "You set my heart aflame.  You gave me heartburn."
 The coyote misses!
 You kill the coyote!
 You see here a coyote corpse.
 You see here an orcish helm.
 You see here a gray stone.
 You see here a gray stone.
 In what direction? 2
 Ouch!  That hurts!
 You see here a gray stone.
 You see here a gray stone.
 In what direction? 2
 You kick a gray stone.
 Thump!
 In what direction? 2
 You kick a gray stone.
 Thump!
 You see here 3 gray stones.
 You miss the kitten.
 The kitten bites!
 You miss the kitten.
 The kitten bites!
 The kitten bites!
 You miss the kitten.
 The kitten bites!
 The kitten bites!
 You miss the kitten.
 The kitten bites!
 The kitten bites!
 You smite the kitten!
 The kitten bites!
 The kitten misses!
 You miss the kitten.
 The kitten misses!
 You miss the kitten.
 The kitten bites!
 You smite the kitten.
 The kitten bites!
 You miss the kitten.
 The kitten bites!
 The kitten bites!
 The kitten bites!
 The kitten bites!
 You die...
 Do you want your possessions identified? [ynq] (y) q

Inventory:
 Coins    ('$')
  $ - 78 gold pieces
 Weapons  (')')
  v - 9 +0 elven arrows
  l - 10 +0 silver arrows
  u - a +0 sling
  w - 9 +0 darts
  D - a +0 elven dagger
  E - a +0 orcish dagger
  a - a +0 battle-axe (weapon in hands)
  b - a +0 short sword (alternate weapon; not wielded)
 Armor    ('[')
  A - an uncursed +0 dwarvish iron helm
  C - an uncursed +0 dwarvish cloak
  n - a blessed +0 orcish cloak (being worn)
  c - an uncursed +0 ring mail (being worn)
 Comestibles  ('%')
  y - 2 uncursed food rations
 Scrolls  ('?')
  p - a cursed scroll of enchant armor
  z - an uncursed scroll of identify
 Spellbooks  ('+')
  h - an uncursed spellbook of knock
 Potions  ('!')
  m - 2 uncursed potions of extra healing
  r - an uncursed potion of healing
  j - an uncursed potion of paralysis
  i - an uncursed potion of see invisible
  q - an uncursed potion of speed
 Rings    ('=')
  g - an uncursed ring of warning
 Wands    ('/')
  s - a wand of digging (0:5)
 Tools    ('(')
  f - a cursed skeleton key
 Gems/Stones  ('*')
  k - an uncursed worthless piece of black glass
  o - an uncursed worthless piece of yellowish brown glass

Felix1 the Barbarian's attributes:

Background:
 You were a Pillager, a level 4 male human Barbarian.
 You were neutral, on a mission for Crom
 who was opposed by Mitra (lawful) and Set (chaotic).
 You were right-handed.
 You were in the Dungeons of Doom, on level 2.
 You entered the dungeon 2504 turns ago.
 It was nighttime.
 There was a new moon in effect when your adventure ended.
 You had 144 experience points, 16 more were needed to attain level 5.

Basics:
 You had 0 out of 50 hit points.
 You had all 10 energy points (spell power).
 Your armor class was 7.
 Your wallet contained 78 zorkmids.
 Autopickup was off.

Final Characteristics:
 Your strength was 15 (limit:18/100).
 Your dexterity was 15 (limit:18).
 Your constitution was 18 (limit:18).
 Your intelligence was 7 (limit:18).
 Your wisdom was 9 (limit:18).
 Your charisma was 9 (limit:18).

Final Status:
 You weren't hungry.
 You were unencumbered.
 You were wielding an axe.
 You had basic skill with axe.

Final Attributes:
 You were devoutly aligned.
 You were poison resistant.
 You were telepathic.
 You were warded.
 You are dead.

Miscellaneous:
 You didn't encounter any bones levels.
 Total elapsed playing time was 28 minutes and 15 seconds.

Major events:
 Turn
    1: Felix1 the neutral male human Barbarian entered the dungeon
  951: attained the rank of Pillager (level 3)
 1624: entered the Gnomish Mines
 2504: killed by a kitten

You didn't know any spells.

Skills:
 Fighting Skills
   bare handed combat [Basic]
   two weapon combat  [Unskilled]
   riding             [Unskilled]
 Weapon Skills
   dagger             [Unskilled]
   axe                [Basic]
   pick-axe           [Unskilled]
   short sword        [Basic]
   broadsword         [Unskilled]
   long sword         [Unskilled]
   two-handed sword   [Unskilled]
   saber              [Unskilled]
   club               [Unskilled]
   mace               [Unskilled]
   morning star       [Unskilled]
   flail              [Unskilled]
   hammer             [Unskilled]
   quarterstaff       [Unskilled]
   spear              [Unskilled]
   trident            [Unskilled]
   bow                [Unskilled]
 Spellcasting Skills
   attack spells      [Unskilled]
   escape spells      [Unskilled]

Voluntary challenges:
 Character rerolling was not enabled.
 You were illiterate.
 You never genocided any monsters.
 You never polymorphed an object.
 You never changed form.
 You used no wishes.
Achievements:
 You attained the rank of Pillager.
 You entered the Gnomish Mines.

 The Dungeons of Doom: levels 1 to 4
    Level 1:
       An altar, a fountain.
    Level 2: <- You were here.
       A fountain, a grave.
       Final resting place for
          you, killed by a kitten.
    Level 3:
    Level 4:
       A grave.
       Stairs down to The Gnomish Mines.
 The Gnomish Mines:
    Level 5:


Vanquished creatures:
  a pony
  a floating eye
  2 kittens
  a dwarf
  a homunculus
  2 hill orcs
 an iguana
  a coyote
  2 hobbits
  a large kobold
  a hobgoblin
  a giant rat
  a fox
  2 kobolds
  a goblin
  a sewer rat
  5 grid bugs
  2 lichens
  a kobold zombie
  6 newts
34 creatures vanquished.

No species were genocided or became extinct.

Game over:
                       ----------
                      /          \
                     /    REST    \
                    /      IN      \
                   /     PEACE      \
                  /                  \
                  |      Felix1      |
                  |      78 Au       |
                  |   killed by a    |
                  |      kitten      |
                  |                  |
                  |                  |
                  |       2026       |
                 *|     *  *  *      | *
        _________)/\\_//(\/(/\)/\//\/|_)_______

Goodbye Felix1 the Barbarian...

You died in The Dungeons of Doom on dungeon level 2 with 847 points,
and 78 pieces of gold, after 2504 moves.
You were level 4 with a maximum of 50 hit points when you died.

